 Dungeon Crawl Stone Soup version 0.21-a0-186-g02e8684 (webtiles) character file.

150 wolfsongas the Poker (level 5, -1/38 HPs)
             Began as a Demonspawn Gladiator on Aug 13, 2017.
             Was a Follower of Yredelemnul.
             Slain by Sweeb's ghost (7 damage)
             ... on level 3 of the Dungeon.
             The game lasted 00:04:02 (2280 turns).

wolfsongas the Poker (Demonspawn Gladiator)         Turns: 2280, Time: 00:04:03

Health: -1/38      AC:  3    Str: 15    XL:     5   Next: 10%
Magic:  5/5        EV: 12    Int: 10    God:    Yredelemnul [*.....]
Gold:   41         SH:  0    Dex: 14    Spells: 4/4 levels left

rFire    . . .     SeeInvis .   a - +0 trident
rCold    + . .     Gourm    .   (no shield)
rNeg     . . .     Faith    .   b - +0 leather armour
rPois    .         Spirit   .   j - +0 hat
rElec    .         Reflect  .   (no cloak)
rCorr    .         Harm     .   (no gloves)
MR       .....                  (no boots)
Stlth    +.........             (no amulet)
HPRegen  0.12/turn              m - ring of wizardry
MPRegen  0.09/turn              (no ring)

@: no status effects
A: antennae 2, cold resistance 1, powered by death 1
a: Animate Remains, Renounce Religion


You were on level 3 of the Dungeon.
You worshipped Yredelemnul.
Yredelemnul was aware of your devotion.
You were not hungry.

You visited 1 branch of the dungeon, and saw 3 of its levels.

You collected 41 gold pieces.

Inventory:

Hand Weapons
 a - a +0 trident (weapon)
Missiles
 d - 4 throwing nets (quivered)
Armour
 b - a +0 leather armour (worn)
 j - a +0 hat (worn)
Jewellery
 m - a ring of wizardry (left hand)
Scrolls
 e - a scroll of immolation
 l - a scroll of amnesia
 o - 3 scrolls of remove curse
Potions
 c - a potion of flight
 i - a potion of curing
Comestibles
 f - 2 bread rations
 n - 5 chunks of flesh
 p - a meat ration


   Skills:
 - Level 2.0 Fighting
 * Level 5.0 Polearms
 - Level 1.7 Throwing
 + Level 0.8 Armour
 - Level 2.6 Dodging
 + Level 0.8 Stealth


You had 4 spell levels left.
You didn't know any spells.

Dungeon Overview and Level Annotations

Branches:
Dungeon (3/15)

Altars:
Nemelex Xobeh
Yredelemnul

Annotations:
D:3 Sweeb's ghost, amateur DrGl


Innate Abilities, Weirdness & Mutations

You have a pair of antennae on your head.
Your flesh is cold resistant. (rC+)
You regenerate a little health from kills.


Message History

You are too injured to fight recklessly!
You are too injured to fight recklessly!
You are too injured to fight recklessly!
You barely miss Sweeb's ghost.
Sweeb's ghost is moderately damaged.
Sweeb's ghost hits you!
* * * LOW HITPOINT WARNING * * *
A leopard gecko comes into view.
The leopard gecko hisses angrily.
You hit Sweeb's ghost but do no damage.
Sweeb's ghost is moderately damaged.
Sweeb's ghost misses you.
You hit Sweeb's ghost but do no damage.
Sweeb's ghost is moderately damaged.
Sweeb's ghost barely misses you.
You barely miss Sweeb's ghost.
Sweeb's ghost is moderately damaged.
Sweeb's ghost hits you!
You die...
Your body rises from the dead as a mindless zombie.

. .# # ### ..
#. #.##. #.
.... ..
#g###.l ..
#....W# .. #@#
.. #.# .. #.#
#.# #. #.# #.#
#. #.# #.# #.
#.# #.# #. #.#
#.# ##
#.##########.#
#..........#.#


You could see Sweeb's ghost, a leopard gecko and a hobgoblin (wandering).

Vanquished Creatures
  An orc priest (D:3)
  Jessica (D:2)
  2 adders
  An ooze (D:2)
  A worm (D:2)
  3 dart slugs (D:1)
  4 orcs
  5 bats
  2 giant cockroaches
  5 goblins
  8 hobgoblins
  7 jackals (D:2)
  A ball python (D:2)
  7 frilled lizards
  6 kobolds
  7 rats
61 creatures vanquished.

Notes
Turn   | Place    | Note
-------+----------+-------------------------------------------
     0 | D:1      | wolfsongas the Demonspawn Gladiator began the quest for the Orb.
     0 | D:1      | Reached XP level 1. HP: 16/16 MP: 1/1
    68 | D:1      | Reached skill level 3 in Polearms
   499 | D:1      | Gained mutation: You have a pair of small antennae on your head. [demonic ancestry]
   499 | D:1      | Reached XP level 2. HP: 20/22 MP: 2/2
  1005 | D:2      | Noticed Jessica
  1016 | D:2      | Killed Jessica
  1016 | D:2      | Reached skill level 4 in Polearms
  1016 | D:2      | Gained mutation: You have a pair of antennae on your head. [demonic ancestry]
  1016 | D:2      | Reached XP level 3. HP: 26/27 MP: 3/3
  1431 | D:2      | Gained mutation: You regenerate a little health from kills. [demonic ancestry]
  1431 | D:2      | Reached XP level 4. HP: 18/33 MP: 4/4
  1595 | D:2      | Found a sparkling altar of Nemelex Xobeh.
  1878 | D:2      | Found a faded altar of an unknown god.
  1884 | D:2      | Became a worshipper of Yredelemnul the Dark
  1884 | D:2      | Reached * piety under Yredelemnul
  2239 | D:3      | Reached skill level 5 in Polearms
  2239 | D:3      | Gained mutation: Your flesh is cold resistant. (rC+) [demonic ancestry]
  2239 | D:3      | Reached XP level 5. HP: 14/38 MP: 5/5
  2274 | D:3      | Noticed Sweeb's ghost (amateur DrGl)
  2280 | D:3      | Slain by Sweeb's ghost

Vault maps used:
D:1:      ncdulo_lavacross, hex_medium, minmay_pentomino_z2
D:2:      serial_glass, glass_columns_b, glass_columns_c,
          chequers_ecumenical_altar_lobes, nemelex_dance_club_becter,
          uniq_jessica
D:3:      bloody_trog, serial_glass, glass_columns_c, glass_columns_a,
          portal_sewer_entry_f, minmay_misc_feat_square

Skill      XL: |  1  2  3  4 |
---------------+-------------+-----
Polearms       | 3 4 5 |  5.0
Fighting       | |  2.0
Throwing       | |  1.7
Armour         | |  0.8
Dodging        | |  2.6
Stealth        | |  0.8

Action                   |  1- 3 |  4- 6 || total
-------------------------+-------+-------++-------
Melee: Trident           |   105 |    92 ||   197
  Use: Scroll            |       |     6 ||     6
       Potion            |       |     3 ||     3
 Stab: Sleeping          |     1 |     3 ||     4
  Eat: Chunk             |     2 |     3 ||     5
Armor: Leather armour    |    18 |    15 ||    33
Dodge: Dodged            |    45 |    67 ||   112
